 Dungeon Crawl Stone Soup version 0.31-a0-986-g5e6e4ef867 (webtiles) character file.

Game seed: 8887899352909929543

95 ytrimaz the Ducker (level 4, -3/33 HPs)
             Began as a Demonspawn Gladiator on Nov 16, 2023.
             Killed from afar by Ijyb (20 damage)
             ... with a bolt of dispelling energy
             ... on level 3 of the Dungeon.
             The game lasted 00:02:15 (1675 turns).

ytrimaz the Ducker (Demonspawn Gladiator)           Turns: 1675, Time: 00:02:16

Health: -3/33      AC:  3    Str: 14    XL:     4   Next: 39%
Magic:  4/4        EV: 13    Int: 10    God:
Gold:   151        SH:  0    Dex: 16    Spells: 3/3 levels left

rFire   + . .        h - +0 hand axe
rCold   . . .        (no shield)
rNeg    . . .        b - +0 leather armour
rPois   .            (helmet restricted)
rElec   .            (no cloak)
rCorr   .            (no gloves)
SInv    .            (no boots)
Will    .....        (no amulet)
Stlth   +            k - ring of protection from fire
HPRegen 0.25/turn    m - ring of flight
MPRegen 0.09/turn

%: no passive effects
@: mighty, flying
A: horns 1
a: no special abilities


You were on level 3 of the Dungeon.
You visited 1 branch of the dungeon, and saw 3 of its levels.

You collected 151 gold pieces.


Innate Abilities, Weirdness & Mutations

You have a pair of small horns on your head.


   Skills:
 - Level 2.0 Fighting
 + Level 3.8 Axes
 - Level 1.7 Throwing
 + Level 3.8 Dodging


You had 3 spell levels left.
You didn't know any spells.
Your spell library was empty.

Inventory:

Hand Weapons
 a - a +0 war axe
 h - a +0 hand axe (weapon)
   (You found it on level 1 of the Dungeon)
Missiles
 d - 3 throwing nets (quivered)
 e - a javelin
Armour
 b - a +0 leather armour (worn)
 c - a +0 helmet
Jewellery
 k - a ring of protection from fire (left hand)
   (You found it on level 1 of the Dungeon)
 m - a ring of flight (right hand)
   (You found it on level 3 of the Dungeon)
Scrolls
 f - a scroll of brand weapon {unknown}
 g - a scroll of noise {unknown}
 i - 5 scrolls of teleportation {unknown}
 l - a scroll of amnesia {unknown}
Potions
 j - a potion of haste {unknown}
 n - a potion of heal wounds {unknown}
 o - a potion of lignification {unknown}

Dungeon Overview and Level Annotations

Branches:
Dungeon (3/15) Zot: 16306

Altars:
Vehumet

Annotations:
D:3 Ijyb

....................+..#####.....
....................##.### ##....
.........................# #....
######........##+#†##..#.# #.###
#........##...#..##.# #.
#........+...##..# #
#........##..##..#
#........##.##..##
#####......@#..## #...###g#..#
#...# #.#..## #...# #.##..#
###.###..#..## #..###.##..#
##.###. #..# #...##.#..#
###..#.#..##


You could see Ijyb.


Message History

The adder closely misses you. 😕 HP[-2]
You take 2 damage, and now have 29/33 hp.
You hit the adder.
You feel sick. The adder bites you.
You are more poisoned.
The adder poisons you! 😕 HP[-2]
You take 2 damage, and now have 27/33 hp.
You hit the adder.
You kill the adder!
You feel sick. 😕 HP[-1]
You take 1 damage, and now have 26/33 hp.
You feel sick.
You see here an adder corpse.
Unknown command.
You feel sick.
o - a lumpy ruby potion You feel sick.
You are too injured to fight recklessly! 😮 HP[-2]
You take 2 damage, and now have 24/33 hp.
You feel sick.
You are no longer poisoned. 😮 HP[-1]
You take 1 damage, and now have 23/33 hp.
You are too injured to fight recklessly!
p - a fuming clear potion 😎 HP[+10]
Your hp is fully restored (33).
i - 5 scrolls labelled YTAUM OJ MAN (gained 1) Key pressed, stopping explore.
Found a radiant altar of Vehumet.
Key pressed, stopping explore.
No target in view!
Key pressed, stopping explore.
No target in view!
Key pressed, stopping explore.
No target in view!
Key pressed, stopping explore.
No target in view!
Key pressed, stopping explore.
No target in view!
An adder comes into view.
The adder hisses angrily.
An adder is nearby!
You closely miss the adder. The adder closely misses you.
An adder is nearby!
An adder is nearby!
You hit the adder. The adder bites you but does no damage.
You hit the adder but do no damage. The adder bites you. x2
You are poisoned.
The adder poisons you! 😕 HP[-4]
You take 4 damage, and now have 29/33 hp.
You closely miss the adder. Your headbutt misses the adder.
You feel sick.
The adder bites you but does no damage. 😕 HP[-2]
You take 2 damage, and now have 27/33 hp.
You hit the adder. Your headbutt misses the adder.
You feel sick. The adder closely misses you. The adder misses you. 😕 HP[-1]
You take 1 damage, and now have 26/33 hp.
An adder is nearby!
You hit the adder but do no damage.
You feel sick. The adder bites you.
Unknown command. 😮 HP[-2]
You take 2 damage, and now have 24/33 hp.
You hit the adder.
You kill the adder!
You feel sick. 😮 HP[-1]
You take 1 damage, and now have 23/33 hp.
You are too injured to fight recklessly!
You feel sick.
You are no longer poisoned.
You see here an adder corpse. 😮 HP[-1]
You take 1 damage, and now have 22/33 hp.
Key pressed, stopping explore.
Unknown command. 😮 HP[+1] Ijyb the Twisted Goblin comes into view.
She is wielding a +0 dagger, wearing a +2 ring mail of cold resistance and carrying a wand of quicksilver.
Ijyb shouts!
Ijyb zaps a wand.
The bolt of dispelling energy hits you!
* * * LOW HITPOINT WARNING * * *
😨 HP[-7]
You take 7 damage, and now have 16/33 hp.
MASSIVE DAMAGE!! (PAUSE) 😮 HP[+1] Ijyb zaps a wand.
The bolt of dispelling energy misses you.
It was a potion of might.
You feel very mighty all of a sudden.
Ijyb zaps a wand.
The bolt of dispelling energy hits you!!
Your magical effects are unravelling.
Ouch! That really hurt!
You die...

Skill      XL: |  1 |
---------------+----+-----
Axes           | 3 |  3.8
Dodging        | 3 |  3.8
Fighting       | |  2.0
Throwing       | |  1.7

Action                     |  1- 3 |  4- 6 || total
---------------------------+-------+-------++-------
  Melee: Hand axe          |   123 |    15 ||   138
         War axe           |     4 |       ||     4
         Headbutt          |    16 |       ||    16
         Punch             |     1 |       ||     1
    Use: Potion            |       |     1 ||     1
   Stab: Sleeping          |     2 |       ||     2
 Armour: Leather armour    |    66 |    12 ||    78
  Dodge: Dodged            |    98 |     9 ||   107

Levels and vault maps discovered:
D:1:      dpeg_arrival_long_road, layout_rooms, chequers_hall_statues_corner_a
D:2:      layout_loops_ring
D:3:      layout_basic, mainiacjoe_overflow_catch_the_wave,
          minmay_misc_feat_five, uniq_ijyb

Notes
Turn   | Place    | Note
-------+----------+-------------------------------------------
     0 | D:1      | ytrimaz the Demonspawn Gladiator began the quest for the
                  | Orb.
     0 | D:1      | Reached XP level 1. HP: 16/16 MP: 1/1
     0 | D:1      | magus.rc [v1.9.6]
   146 | D:1      | Reached skill level 3 in Axes
   146 | D:1      | Reached skill level 3 in Dodging
   150 | D:1      | Gained mutation: You have a pair of small horns on your
                  | head. [demonic ancestry]
   150 | D:1      | Reached XP level 2. HP: 10/22 MP: 2/2
   452 | D:1      | Reached XP level 3. HP: 27/27 MP: 3/3
  1442 | D:3      | Reached XP level 4. HP: 33/33 MP: 4/4
  1608 | D:3      | Found a radiant altar of Vehumet.
  1670 | D:3      | Noticed Ijyb
  1675 | D:3      | Killed from afar by Ijyb

Vanquished Creatures
  4 adders
  A worm (D:2)
  2 dart slugs (D:1)
  6 bats
  4 endoplasms
  3 giant cockroaches
  5 goblins
  5 hobgoblins
  5 kobolds
  3 quokkas
  6 ball pythons
  A frilled lizard (D:1)
  6 rats
51 creatures vanquished.

Table legend:
 A = Non-vault XP
 B = Vault XP
 C = Vault XP percentage of total XP
 D = Non-vault monster count
 E = Vault monster count
 F = Vault count percentage of total count
                 A         B        C        D         E       F
            +---------+---------+-------+---------+---------+-------
      Total |     136 |       0 |   0.0 |      51 |       0 |   0.0
            +---------+---------+-------+---------+---------+-------
        D:1 |      41 |       0 |   0.0 |      22 |       0 |   0.0
        D:2 |      48 |       0 |   0.0 |      21 |       0 |   0.0
        D:3 |      47 |       0 |   0.0 |       8 |       0 |   0.0
            +---------+---------+-------+---------+---------+-------

Skill      XL: |  1 |
---------------+----+-----
Axes           | 3 |  3.8
Dodging        | 3 |  3.8
Fighting       | |  2.0
Throwing       | |  1.7

Action                     |  1- 3 |  4- 6 || total
---------------------------+-------+-------++-------
  Melee: Hand axe          |   123 |    15 ||   138
         War axe           |     4 |       ||     4
         Headbutt          |    16 |       ||    16
         Punch             |     1 |       ||     1
    Use: Potion            |       |     1 ||     1
   Stab: Sleeping          |     2 |       ||     2
 Armour: Leather armour    |    66 |    12 ||    78
  Dodge: Dodged            |    98 |     9 ||   107

Illustrated notes

Table legend:
 A = Kills in this place as a percentage of kills in the entire game.
 B = Kills by you in this place as a percentage of kills by you in the entire game.
 C = Kills by friends in this place as a percentage of kills by friends in the entire game.
 D = Other kills in this place as a percentage of other kills in the entire game.
 E = Experience gained in this place as a percentage of experience gained in the entire game.
 F = Experience gained in this place divided by the number of levels of this place that you have seen.
                   A       B       C       D       E      F
               +-------+-------+-------+-------+-------+----------------------
         Total | 100.0 | 100.0 |   N/A |   N/A | 100.0 |  45.3
       Dungeon | 100.0 | 100.0 |   N/A |   N/A | 100.0 |  45.3
               +-------+-------+-------+-------+-------+----------------------

Table legend: (Time is in decaauts)
 A = Elapsed time spent in this place.
 B = Non-inter-level travel time spent in this place.
 C = Inter-level travel time spent in this place.
 D = Time resting spent in this place.
 E = Time spent auto-exploring this place.
 F = Levels seen in this place.
 G = Mean time per level.
                   A        B        C        D        E       F      G
               +--------+--------+--------+--------+--------+-----+--------+
         Total |   1692 |   1634 |     58 |      0 |   1231 |   3 |  564.0 |
       Dungeon |   1692 |   1634 |     58 |      0 |   1231 |   3 |  564.0 |
               +--------+--------+--------+--------+--------+-----+--------+

Top non-repeatable levels by time:
     D:2: 744 daAuts
     D:1: 625 daAuts
     D:3: 322 daAuts
